 Dungeon Crawl Stone Soup version 0.14.0-18-g0341e45 (webtiles) character file.

219 Leibowitz the Cutter (level 4, -2/29 HPs)
             Began as a Kobold Berserker on Apr 19, 2014.
             Was a Believer of Trog.
             Slain by Grinder (3 damage)
             ... on Level 3 of the Dungeon.
             The game lasted 00:07:32 (2806 turns).

Leibowitz the Cutter (Kobold Berserker)             Turns: 2806, Time: 00:07:32

HP  -2/29        AC  3     Str 16      XL: 4   Next: 57%
MP   4/4         EV 16     Int  5      God: Trog [**....]
Gold 143         SH  0     Dex 15      Spells:  0 memorised,  3 levels left

rFire  . . .     SeeInvis .     a - +0 short sword
rCold  . . .     Clarity  .     b - +0 animal skin
rNeg   . . .     Conserve .     (no shield)
rPois  +         rCorr    .     i - +0 helmet
rElec  .         rRot     .     (no cloak)
SustAb . .       Spirit   .     (no gloves)
rMut   .         Warding  .     (no boots)
Saprov + + .     Stasis   .     (no amulet)
MR     ++...                    (no ring)
                                d - ring of poison resistance

@: regenerating, invisible, exhausted, very slightly contaminated, slowed, very
slow, very resistant to hostile enchantments, fairly stealthy
A: disease resistance, carnivore 3, saprovore 2
a: Burn Spellbooks, Berserk, Trog's Hand, Renounce Religion


You were on level 3 of the Dungeon.
You worshipped Trog.
Trog was pleased with you.
You were very hungry.

You visited 1 branch of the dungeon, and saw 3 of its levels.

You collected 143 gold pieces.

Inventory:

Hand weapons
 a - a +0,+0 short sword (weapon)
Armour
 b - a +0 animal skin (worn)
 i - a +0 helmet (worn)
Comestibles
 c - 3 meat rations
Scrolls
 e - 2 scrolls of identify
 f - 2 scrolls of fog
 j - 4 scrolls of remove curse
Jewellery
 d - a ring of poison resistance (left hand)


   Skills:
 * Level 4.1 Fighting
 + Level 4.7 Short Blades
 + Level 1.7 Armour
 + Level 3.2 Dodging
 * Level 2.0 Stealth


You had 3 spell levels left.
You didn't know any spells.

Dungeon Overview and Level Annotations

Branches:
Dungeon (3/15)

Altars:
Elyvilon
Trog

Annotations:
D:3 Grinder


Innate Abilities, Weirdness & Mutations

You recuperate from illness quickly.
You are small and have problems with some larger weapons.
You are carnivorous and can eat meat at any time.
You can eat rotten meat.


Message History

Trog accepts your kill.
You are no longer berserk.
You are exhausted.
You feel yourself slow down.
You are feeling hungry.
You aren't carrying any items that can be evoked.
Drink which item? (? for menu, Esc to quit)
You fade into invisibility!
You are very lightly contaminated with residual magic.
Use which ability? (? or * to list)
Your skin crawls.
You feel resistant to hostile enchantments.
You are feeling very hungry.
Grinder misses you.
You hit Grinder but do no damage.
Grinder is almost dead.
Grinder hits you!
* * * LOW HITPOINT WARNING * * *
You writhe in agony.
You die...

..# . #.# .##.# #....
#.#.# #+# #.#.# #.#
#.#.# #.# #%#.###.#
##.##########..@5...#
##...#)......###.#####
#......#####.###.#
##...#.#.........#
###.##.#.###.#####
.........# #.#
###.##.### #.# #)##.#
#.# #.##.# #.#


You could see Grinder.

Vanquished Creatures
  2 adders
  A worm (D:3)
  An ooze (D:2)
  A giant cockroach (D:2)
  5 goblins
  9 hobgoblins
  4 jackals (D:2)
  A ball python (D:2)
  7 bats
  4 giant geckos
  2 giant newts (D:2)
  3 kobolds
  6 rats
46 creatures vanquished.

Notes
Turn   | Place    | Note
--------------------------------------------------------------
     0 | D:1      | Leibowitz, the Kobold Berserker, began the quest for the Orb.
     0 | D:1      | Reached XP level 1. HP: 14/14 MP: 1/1
   557 | D:1      | Reached XP level 2. HP: 4/19 MP: 2/2
  1135 | D:1      | Reached skill level 1 in Stealth
  1261 | D:1      | Reached XP level 3. HP: 19/24 MP: 3/3
  1352 | D:2      | Found a white marble altar of Elyvilon.
  1649 | D:2      | Acquired Trog's second power
  1964 | D:2      | Found a bloodstained altar of Trog.
  1969 | D:2      | Reached XP level 4. HP: 29/29 MP: 4/4
  1979 | D:3      | Upgraded the game from 0.14.0-17-gc0b17a5 to 0.14.0-18-g0341e45
  2789 | D:3      | Noticed Grinder
  2796 | D:3      | Paralysed by Grinder for 5 turns
  2806 | D:3      | HP: 1/29 [Grinder (7)]
  2806 | D:3      | Slain by Grinder

Action                   |  1- 3 |  4- 6 || total
-------------------------+-------+-------++-------
Melee: Short sword       |   147 |    64 ||   211
Invok: Berserk           |       |     1 ||     1
       Trog's Hand       |       |     1 ||     1
  Use: Scroll            |       |     7 ||     7
       Potion            |       |     2 ||     2
 Stab: Sleeping          |     1 |       ||     1
